Map: Ephemeron LE

Players

Clem - Winner!

  • Race: Terran Terran
  • Spawn Location: 11:00

Silky

  • Race: Zerg Zerg
  • Spawn Location: 5:00

VOD

Have the link to the VOD?

Description

Time

  • Played on: Sept. 6, 2019, 4:17 p.m.
  • Length: 17:05
Show
View Real Time Build Order
Export as new Build Order

Clem Terran - Winner!

Build Orders: Gas First Reaper Expand, Liberator Opening 

Get SALT Encoding   

  12  0:00  SCV  
  13  0:12  SCV  
  14  0:17  Supply Depot  
  14  0:25  SCV  
  15  0:32  Refinery  
  15  0:38  SCV  
  16  0:44  Barracks  
  16  0:50  SCV  
  17  1:03  SCV  
  18  1:15  SCV  
  19  1:31  Orbital Command, Reaper  
  20  1:43  Command Center  
  20  1:55  Factory  
  20  1:59  SCV  
  21  2:09  Barracks Reactor  
  21  2:11  SCV  
  21  2:15  Supply Depot  
  22  2:17  Refinery  
  22  2:23  SCV  
  23  2:37  SCV  
  24  2:46  Starport  
  24  2:49  SCV, Hellion x2  
  29  2:56  Orbital Command  
  29  3:01  SCV  
  30  3:07  Liberator  
  30  3:11  Hellion x2  
  34  3:17  SCV  
  35  3:26  Barracks Tech Lab  
  38  3:32  SCV  
  38  3:34  SCV  
  39  3:36  Supply Depot  
  39  3:38  Hellion  
  41  3:43  Hellion  
  41  3:46  SCV  
  44  3:50  SCV  
  44  3:52  Stimpack  
  44  3:54  Marine  
  46  3:58  SCV  
  46  4:00  Supply Depot  
  47  4:03  Hellion  
  47  4:06  Hellion  
  47  4:08  SCV  
  52  4:11  SCV  
  52  4:14  Marine  
  54  4:22  SCV  
  54  4:23  Starport Reactor, SCV, Supply Depot  
  56  4:34  Marine, SCV  
  56  4:38  Command Center  
  58  4:39  Factory Tech Lab  
  58  4:41  SCV  
  59  4:47  Supply Depot  
  59  4:53  Marine  
  59  4:57  SCV  
  59  4:59  Command Center  
  60  5:04  SCV  
  61  5:09  Barracks  
  61  5:10  Barracks  
  61  5:13  SCV  
  55  5:17  SCV  
  55  5:18  Siege Tank  
  55  5:19  Starport Reactor  
  59  5:22  Marine  
  59  5:25  SCV  
  57  5:29  SCV  
  57  5:33  Combat Shield  
  54  5:37  SCV  
  54  5:38  Engineering Bay  
  54  5:39  Engineering Bay  
  54  5:41  SCV, Refinery  
  56  5:43  Refinery  
  56  5:48  Marine  
  56  5:49  SCV  
  58  5:50  Siege Tank  
  58  5:53  SCV  
  58  5:56  Marine x2  
  64  5:59  Medivac x2  
  68  6:05  Marine  
  68  6:06  Marine  
  68  6:08  Marine  
  68  6:10  Supply Depot  
  72  6:11  Orbital Command  
  72  6:13  Terran Infantry Weapons Level 1  
  72  6:14  Marine  
  72  6:16  Terran Infantry Armor Level 1  
  72  6:17  Marine  
  73  6:23  Marine, Siege Tank  
  73  6:25  SCV x2  
  77  6:33  Marine  
  77  6:38  SCV  
  77  6:42  Marine x2  
  77  6:44  Marine x2  
  81  6:48  Barracks  
  81  6:49  Barracks  
  81  6:50  Supply Depot, Armory  
  81  6:53  SCV x2  
  83  6:56  Marine  
  83  6:59  Marine  
  83  7:00  Siege Tank, Medivac  
  90  7:06  Marine x2  
  90  7:07  Orbital Command, SCV, Supply Depot  
  93  7:10  SCV  
  93  7:12  Marine  
  95  7:19  SCV  
  95  7:22  Marine  
  92  7:23  SCV  
  92  7:28  Marine  
  92  7:29  Marine x2  
  90  7:30  Medivac  
  90  7:33  SCV  
  90  7:35  SCV  
  90  7:36  Supply Depot  
  95  7:37  Supply Depot  
  95  7:40  SCV  
  95  7:41  Barracks Reactor x2  
  95  7:42  Marine x2, Liberator, Siege Tank  
  95  7:43  Liberator  
  97  7:45  SCV  
  97  7:46  Marine  
  97  7:50  Marine x2  
  99  7:51  SCV  
  99  7:57  Factory  
  102  8:00  Marine x2  
  102  8:03  SCV x2  
  102  8:04  Marine, SCV, Refinery  
  112  8:08  Marine  
  113  8:12  Marine  
  113  8:15  SCV x2  
  113  8:16  SCV  
  113  8:18  Marine x2  
  119  8:20  Marine, Supply Depot  
  119  8:22  Marine x4  
  124  8:27  SCV  
  124  8:29  SCV  
  124  8:30  Marine  
  124  8:34  Marine  
  125  8:39  Terran Infantry Armor Level 2  
  125  8:41  Marine, Thor  
  125  8:43  Refinery, Factory Reactor  
  125  8:45  Marine  
  133  8:52  Terran Infantry Weapons Level 2  
  133  9:02  Marine x4  
  133  9:03  Marine  
  133  9:04  Marine, SCV  
  133  9:06  Command Center, Supply Depot  
  133  9:09  Supply Depot  
  133  9:13  Supply Depot  
  133  9:18  Missile Turret  
  133  9:20  Missile Turret  
  133  9:22  Missile Turret  
  133  9:25  Missile Turret  
  133  9:28  Marine x2, SCV, Medivac x2  
  146  9:31  Widow Mine x3  
  146  9:33  Marine, Supply Depot  
  146  9:34  Marine x4  
  146  9:37  Terran Vehicle And Ship Armor Level 1  
  151  9:42  SCV  
  151  9:45  Marine  
  153  9:46  Marine x3  
  153  9:51  Marine  
  153  9:52  Marine  
  157  9:55  Supply Depot, Widow Mine x2  
  157  9:56  Widow Mine  
  157  9:57  Marine x2, Supply Depot  
  165  10:05  Marine  
  165  10:09  Supply Depot  
  165  10:10  Supply Depot  
  165  10:11  Marine  
  165  10:12  Marine  
  165  10:13  Marine  
  165  10:14  Marine  
  165  10:17  Widow Mine x3  
  165  10:19  Marine x2  
  172  10:23  Supply Depot  
  172  10:29  Marine x3  
  172  10:30  Marine x2  
  177  10:38  Marine, Widow Mine x2  
  177  10:39  Widow Mine  
  177  10:41  Drilling Claws  
  182  10:44  Supply Depot  
  182  10:46  Barracks  
  182  10:47  Barracks  
  182  10:49  Barracks  
  182  10:56  Medivac  
  181  10:59  Widow Mine x2  
  181  11:00  Marine, Widow Mine  
  161  11:06  Marine x2  
  145  11:13  Marine x2  
  140  11:19  Marine x2, Medivac  
  140  11:21  Widow Mine x3, Planetary Fortress  
  140  11:22  SCV x2  
  140  11:23  SCV  
  145  11:27  Terran Infantry Weapons Level 3  
  145  11:31  Marine x2  
  126  11:34  SCV  
  126  11:36  SCV  
  126  11:39  Marine  
  116  11:42  Widow Mine x2  
  116  11:43  SCV  
  116  11:44  Missile Turret  
  116  11:45  Liberator  
  116  11:46  Barracks Tech Lab  
  115  11:47  Barracks Tech Lab  
  115  11:48  Liberator, Barracks Tech Lab  
  115  11:54  Widow Mine  
  115  11:55  Marine  
  115  11:56  Marine x2  
  115  11:57  Marine x2  
  115  11:59  Marine x3  
  121  12:04  Widow Mine  
  121  12:07  Marauder  
  131  12:10  Concussive Shells  
  131  12:11  Marine x3  
  132  12:18  Thor  
  132  12:20  Widow Mine  
  140  12:23  Marine, Missile Turret  
  140  12:25  Widow Mine  
  142  12:30  Marine x2  
  131  12:38  Marine x4  
  131  12:39  Marine  
  131  12:40  Marauder x2  
  131  12:41  Marine  
  131  12:42  Marine, Marauder, Widow Mine  
  146  12:46  Widow Mine  
  146  12:47  Marine  
  146  12:48  Marine  
  133  12:55  Marine, Command Center  
  133  12:56  Marine x2  
  133  12:57  Medivac x2  
  140  13:00  Marauder  
  140  13:01  Marauder, Widow Mine  
  140  13:04  Starport  
  140  13:05  Starport  
  146  13:09  Widow Mine  
  146  13:10  Marauder x2  
  146  13:11  Marine x2  
  151  13:18  Marine x2  
  151  13:19  Marine  
  154  13:21  Marauder  
  154  13:22  Marauder  
  154  13:24  Widow Mine  
  154  13:26  Terran Infantry Armor Level 3  
  155  13:27  Medivac  
  155  13:31  Marauder  
  159  13:37  Widow Mine  
  159  13:39  Missile Turret  
  159  13:40  Marine x3  
  159  13:41  Marine x3, Marauder  
  168  13:43  Marine, Marauder  
  168  13:44  Marine  
  168  13:46  Liberator  
  168  13:47  Widow Mine  
  175  13:54  Medivac  
  177  13:57  Marauder, Widow Mine  
  177  13:58  Marine, Marauder  
  177  14:02  Marauder  
  186  14:03  Medivac  
  188  14:13  Ghost Academy, Marauder  
  188  14:15  Refinery  
  190  14:18  Widow Mine  
  190  14:19  Marine, Marauder  
  190  14:20  Marine x3  
  195  14:25  Missile Turret  
  195  14:27  Medivac  
  196  14:33  Widow Mine  
  196  14:34  Marauder  
  196  14:37  Planetary Fortress  
  200  14:53  Starport Reactor, Starport Tech Lab  
  200  14:54  Fusion Core  
  200  14:57  Refinery  
  200  14:59  Command Center, Refinery  
  198  15:02  Liberator  
  198  15:03  Marauder x2  
  196  15:08  Widow Mine  
  196  15:09  Marauder  
  196  15:13  Liberator  
  199  15:25  Marine x3  
  199  15:28  Marauder  
  194  15:29  Widow Mine  
  194  15:32  Marine, Widow Mine  
  194  15:34  Widow Mine  
  197  15:37  Marauder  
  197  15:41  Marine, Marauder  
  197  15:43  SCV x2  
  197  15:47  SCV  
  195  15:50  Marauder, Widow Mine  
  195  15:55  Marauder  
  200  15:57  Missile Turret  
  199  16:13  Orbital Command  
  196  16:20  Widow Mine  
  196  16:21  Marauder  
  200  16:37  Command Center, Sensor Tower, Missile Turret  
  200  16:40  Command Center  
Show
View Real Time Build Order
Export as new Build Order

Silky Zerg 

Build Orders: Hatch First, Muta Ling Bane 

Get SALT Encoding   

  12  0:00  Drone  
  13  0:12  Overlord  
  13  0:18  Drone  
  14  0:31  Drone x2  
  16  0:48  Hatchery  
  15  0:52  Drone  
  15  0:55  Drone  
  17  0:58  Drone  
  18  1:08  Extractor  
  17  1:13  Spawning Pool  
  17  1:17  Drone  
  17  1:20  Drone  
  18  1:28  Drone  
  19  1:39  Drone  
  20  1:49  Overlord  
  20  2:00  Queen x2  
  20  2:01  Zergling x4  
  26  2:08  Metabolic Boost  
  26  2:10  Drone  
  26  2:12  Drone  
  28  2:21  Drone  
  28  2:22  Drone  
  30  2:32  Drone x2  
  32  2:38  Queen  
  32  2:43  Overlord  
  34  2:45  Zergling x2  
  35  2:53  Drone  
  36  2:59  Overlord  
  36  3:07  Drone  
  36  3:08  Drone  
  38  3:13  Drone  
  38  3:14  Hatchery, Drone x4  
  41  3:30  Zergling x8  
  44  3:36  Drone  
  45  3:42  Lair  
  45  3:43  Drone  
  45  3:45  Queen, Drone  
  49  3:50  Zergling x4  
  49  3:51  Zergling x2  
  52  3:57  Overlord  
  52  4:05  Baneling Nest  
  50  4:17  Drone  
  50  4:18  Spore Crawler, Drone x5  
  50  4:20  Queen  
  50  4:23  Spore Crawler  
  56  4:26  Queen  
  56  4:28  Drone x3  
  56  4:29  Drone  
  62  4:32  Extractor  
  62  4:33  Extractor  
  62  4:36  Overlord, Drone  
  62  4:37  Drone x3  
  64  4:51  Drone  
  64  4:52  Drone  
  65  4:55  Centrifical Hooks, Overlord  
  62  5:00  Drone  
  62  5:01  Drone x5  
  57  5:15  Drone x3  
  55  5:23  Drone x3  
  57  5:33  Drone x3  
  57  5:34  Drone x2  
  57  5:35  Drone x3  
  62  5:39  Drone, Extractor  
  62  5:40  Extractor  
  62  5:41  Evolution Chamber  
  62  5:42  Evolution Chamber  
  59  5:43  Drone x2  
  59  5:46  Drone x3  
  64  5:51  Drone  
  64  5:53  Drone  
  64  5:56  Drone  
  67  6:02  Drone  
  68  6:05  Drone x2  
  68  6:08  Zerg Ground Armor Level 1, Zerg Melee Weapons Level 1, Drone x2  
  68  6:09  Drone  
  73  6:12  Drone x3  
  73  6:18  Zergling x8  
  79  6:22  Drone x2  
  81  6:34  Zergling x2  
  81  6:36  Overlord  
  81  6:40  Extractor  
  81  6:41  Hatchery  
  81  6:42  Spire  
  81  6:43  Overlord  
  78  6:47  Zergling x6  
  78  6:48  Overlord  
  81  6:54  Drone x2  
  81  6:55  Zergling x2, Drone  
  81  6:56  Zergling x6  
  81  6:58  Zergling x2  
  89  7:01  Zergling x2  
  89  7:03  Baneling x2  
  89  7:04  Zergling x6  
  89  7:08  Zergling x4, Baneling x2  
  94  7:11  Zergling x4  
  94  7:12  Overlord  
  96  7:19  Zergling x2  
  96  7:20  Zergling x4  
  94  7:29  Zergling x4  
  85  7:32  Zergling x10  
  88  7:40  Zergling x2  
  88  7:41  Zergling x4  
  88  7:45  Zergling x2  
  88  7:51  Zergling x2  
  88  7:54  Mutalisk x3  
  88  7:56  Baneling x10  
  94  8:06  Mutalisk x4  
  99  8:13  Mutalisk x5  
  99  8:16  Drone x2  
  111  8:20  Overlord  
  111  8:22  Overlord  
  103  8:34  Mutalisk  
  103  8:35  Mutalisk  
  103  8:36  Drone x5  
  103  8:38  Extractor  
  103  8:40  Mutalisk  
  113  8:41  Overlord  
  113  8:42  Overlord  
  113  8:45  Drone x5  
  113  8:46  Zergling x8  
  122  8:49  Zerg Melee Weapons Level 2  
  122  8:51  Zergling x4  
  124  8:56  Zergling x8  
  128  9:02  Mutalisk  
  128  9:03  Mutalisk  
  128  9:04  Zergling x2  
  128  9:07  Overlord  
  133  9:12  Zergling x2  
  133  9:13  Zergling x2  
  133  9:15  Zergling x4  
  137  9:17  Zergling x2  
  137  9:18  Zergling x2  
  137  9:21  Baneling x3  
  137  9:23  Zergling x6  
  142  9:30  Zerg Ground Armor Level 2  
  142  9:32  Zergling x6  
  142  9:35  Hatchery  
  142  9:36  Drone x3  
  147  9:39  Overlord  
  145  9:47  Mutalisk, Drone x3  
  145  9:48  Mutalisk  
  145  9:52  Infestation Pit  
  150  9:56  Mutalisk  
  150  9:57  Mutalisk x2  
  150  9:58  Overlord  
  156  10:00  Zergling x2  
  157  10:08  Overlord  
  157  10:15  Overlord  
  157  10:17  Drone  
  157  10:18  Zergling x6  
  157  10:19  Zergling x2  
  162  10:23  Pneumatized Carapace  
  162  10:26  Overlord  
  162  10:27  Zergling x12  
  166  10:31  Hive  
  166  10:39  Zergling x10  
  166  10:41  Baneling x2  
  166  10:42  Overseer, Baneling  
  171  10:45  Baneling  
  171  10:46  Overseer, Baneling x3  
  170  10:52  Baneling x10  
  163  11:03  Zergling x2  
  163  11:04  Zergling x16  
  146  11:10  Zergling x2  
  146  11:11  Zergling x10  
  141  11:20  Zergling x8  
  123  11:33  Drone  
  109  11:40  Mutalisk x5  
  109  11:42  Hatchery  
  109  11:43  Zergling x8  
  120  11:53  Baneling x7  
  120  11:56  Zergling x4  
  120  11:57  Zergling x14  
  129  12:06  Ultralisk Cavern  
  129  12:07  Baneling  
  128  12:09  Baneling x7  
  128  12:11  Zergling x2  
  128  12:12  Zergling x10  
  134  12:17  Baneling x2  
  134  12:19  Zergling x10  
  137  12:23  Mutalisk x2  
  137  12:28  Zergling x8  
  129  12:38  Zergling x8  
  129  12:53  Chitinous Plating  
  129  12:54  Ultralisk  
  129  12:55  Ultralisk, Drone  
  129  12:56  Drone x3  
  145  13:01  Baneling x4  
  145  13:04  Baneling x3  
  145  13:11  Zerg Melee Weapons Level 3, Zerg Ground Armor Level 3  
  145  13:13  Zergling x4  
  145  13:17  Zergling x6  
  150  13:21  Baneling x8  
  150  13:33  Ultralisk  
  150  13:38  Drone  
  150  13:39  Drone x5  
  156  13:43  Baneling  
  156  13:44  Zergling x8  
  160  13:56  Zergling x16  
  160  13:57  Spore Crawler  
  167  14:08  Drone x4  
  170  14:12  Anabolic Synthesis, Ultralisk  
  174  14:28  Zergling x2  
  174  14:29  Zergling x14  
  174  14:39  Ultralisk  
  174  14:40  Overlord x2  
  174  14:41  Overlord  
  166  14:47  Overseer  
  166  14:49  Drone x7  
  166  14:51  Ultralisk  
  174  14:58  Drone x3  
  174  14:59  Drone  
  178  15:04  Zergling x22  
  187  15:09  Drone x2  
  187  15:11  Spore Crawler  
  187  15:12  Spore Crawler  
  186  15:20  Ultralisk  
  175  15:26  Zergling x16  
  174  15:31  Zergling x2  
  174  15:32  Zergling x8  
  174  15:34  Baneling x5  
  171  15:39  Zergling x2  
  171  15:40  Zergling x10  
  156  15:44  Zergling x8  
  154  15:54  Infestor x3  
  146  16:07  Hatchery  
  144  16:13  Infestor  
  144  16:15  Baneling x11  
  143  16:23  Zergling x22  
  143  16:26  Baneling x5  
  148  16:43  Zergling x2  
  148  16:44  Zergling x14  
Tags
 
Add a new tag
Caveats
  • Supply blocks, unpowered buildings, or Contaminate may cause inaccurate times.
  • Supply counts are checked every 10 seconds.